 Dungeon Crawl Stone Soup version 0.28.0-43-g3370ac3207 (webtiles) character file.

Game seed: 16505047528148913501

15915 Ablot the Thaumaturge (level 12, 0/94 HPs)
             Began as a Gnoll Warper on Mar 7, 2022.
             Was a Priest of the Shining One.
             Slain by a death knight
             ... wielding a +4 broad axe
              (23 damage)
             ... on level 12 of the Dungeon.
             The game lasted 00:45:36 (19289 turns).

Ablot the Thaumaturge (Gnoll Warper)               Turns: 19289, Time: 00:45:36

Health: 0/94       AC: 19    Str: 15    XL:     12   Next: 32%
Magic:  18/24      EV: 16    Int: 13    God:    the Shining One [***...]
Gold:   781        SH: 17    Dex: 12    Spells: 23/28 levels left

rFire   . . .      SeeInvis .   w - +2 mace (holy)
rCold   . . .      Faith    .   V - +2 buckler
rNeg    + . .      Spirit   .   H - +3 scale mail {rPois}
rPois   +          Reflect  .   n - +0 helmet
rElec   .          Harm     .   (no cloak)
rCorr   .          Rampage  .   g - +0 pair of gloves
Will    .....                   W - +0 pair of boots
Stlth   +.........              (no amulet)
HPRegen 0.25/turn               j - +4 ring of evasion
MPRegen 0.19/turn               b - +4 ring of protection

@: divinely shielded, glowing
A: fangs 1, strong nose, distributed training
a: Renounce Religion, Divine Shield, Cleansing Flame


You were on level 12 of the Dungeon.
You worshipped the Shining One.
The Shining One was most pleased with you.
You visited 2 branches of the dungeon, and saw 13 of its levels.
You also visited: Bailey.

You collected 887 gold pieces.
You spent 106 gold pieces at shops.

Inventory:

Hand Weapons
 w - a +2 mace of holy wrath (weapon)
 z - a +3 dagger of venom
Missiles
 d - 5 boomerangs of dispersal
 e - 67 bolts
 h - 389 stones
 k - 111 sling bullets
 v - 282 arrows
 y - 2 javelins
 J - a curare-tipped dart
 L - 58 poisoned darts (quivered)
 T - 3 atropa-tipped darts
 X - 7 throwing nets
Armour
 g - a +0 pair of gloves (worn)
 n - a +0 helmet (worn)
 H - a +3 scale mail of poison resistance (worn)
 N - a +1 ring mail of cold resistance
 V - a +2 buckler (worn)
 W - a +0 pair of boots (worn)
Jewellery
 b - a +4 ring of protection (right hand)
 j - a +4 ring of evasion (left hand)
 l - a ring of fire
 I - a ring of flight
 M - the ring "Catu" {Wiz rElec Str-4 Dex+8 Stlth-}
   (You found it on level 12 of the Dungeon)

   [ring of wizardry]

   It improves your spell success rate.
   Str:       It affects your strength (-4).
   Dex:       It affects your dexterity (+8).
   rElec:     It insulates you from electricity.
   Stlth:     It makes you less stealthy.
 R - a +6 ring of intelligence
Wands
 C - a wand of paralysis (14)
 P - a wand of flame (42)
Scrolls
 a - 2 scrolls of amnesia
 c - 2 scrolls of blinking
 f - a scroll of holy word {unknown}
 m - 2 scrolls of fear
 p - a scroll of silence {unknown}
 q - a scroll of torment {unknown}
 r - a scroll of vulnerability {unknown}
 s - 2 scrolls of fog
 B - 2 scrolls of brand weapon {unknown}
 G - a scroll of noise {unknown}
 K - 4 scrolls of enchant weapon
 O - 9 scrolls of teleportation
 Q - 2 scrolls of enchant armour {unknown}
 S - a scroll of acquirement {unknown}
 Y - 2 scrolls of magic mapping {unknown}
 Z - a scroll of immolation {unknown}
Potions
 i - 7 potions of curing
 o - a potion of magic
 t - 5 potions of haste
 u - 2 potions of resistance
 x - a potion of heal wounds {unknown}
 A - 3 potions of cancellation
 D - 4 potions of might
 E - a potion of attraction {unknown}
 F - a potion of ambrosia {unknown}
 U - a potion of brilliance {unknown}


   Skills:
 + Level 8.6 Fighting
 + Level 7.2 Short Blades
 + Level 7.2 Long Blades
 + Level 7.2 Axes
 + Level 7.2 Maces & Flails
 + Level 8.6 Polearms
 + Level 7.2 Staves
 + Level 7.2 Slings
 + Level 7.2 Bows
 + Level 7.2 Crossbows
 + Level 7.7 Throwing
 + Level 7.7 Armour
 + Level 8.6 Dodging
 + Level 7.2 Stealth
 + Level 7.2 Shields
 + Level 7.2 Unarmed Combat
 + Level 8.8 Spellcasting
 + Level 5.9 Conjurations
 + Level 5.9 Hexes
 + Level 5.9 Summonings
 + Level 5.9 Necromancy
 + Level 8.2 Translocations
 + Level 5.9 Transmutations
 + Level 5.9 Fire Magic
 + Level 5.9 Ice Magic
 + Level 5.9 Air Magic
 + Level 5.9 Earth Magic
 + Level 5.9 Poison Magic
 + Level 7.9 Invocations
 + Level 7.2 Evocations


You had 23 spell levels left.
You knew the following spells:

 Your Spells              Type           Power      Damage    Failure   Level
a - Blink                 Tloc           54%        N/A       2%          2
b - Foxfire               Conj/Fire      84%        2x1d8     4%          1
c - Passwall              Tmut/Erth      17%        N/A       7%          2

Your spell library contained the following spells:

 Spells                   Type           Power      Damage    Failure   Level
 Apportation              Tloc           54%        N/A       1%          1
 Animate Skeleton         Necr           42%        N/A       4%          1
 Summon Small Mammal      Summ           84%        N/A       4%          1
 Gell's Gravitas          Tloc           27%        N/A       5%          3
 Lesser Beckoning         Tloc           27%        N/A       5%          3
 Teleport Other           Tloc           27%        N/A       5%          3
 Ensorcelled Hibernation  Hex/Ice        42%        N/A       7%          2
 Conjure Flame            Conj/Fire      21%        6-21      13%         3
 Inner Flame              Hex/Fire       21%        N/A       13%         3
 Spider Form              Tmut/Pois      21%        N/A       13%         3
 Swiftness                Air            21%        N/A       13%         3
 Anguish                  Hex/Necr       10%        N/A       41%         4
 Flame Wave               Conj/Fire      21%        2d7       41%         4
 Manifold Assault         Tloc           27%        N/A       43%         5
 Summon Forest            Summ/Tloc      12%        N/A       61%         5
 Eringya's Noxious Bog    Tmut/Pois      10%        N/A       100%        6
 Summon Hydra             Summ           10%        N/A       100%        7


Dungeon Overview and Level Annotations

Branches:
Dungeon (12/15)            Temple (1/1) D:6            Lair (0/6) D:11
    Orc (0/2) D:10         Bailey (visited)

Altars:
Ashenzari
Cheibriados
Dithmenos
Elyvilon
Fedhas
Gozag
Hepliaklqana
Kikubaaqudgha
Makhleb
Nemelex Xobeh
Okawaru
Qazlal
Ru
Sif Muna
Trog
Uskayaw
Vehumet
Wu Jian
Xom
Yredelemnul
Zin
The Shining One

Shops:
D:1 =   D:2 *   D:8 (   D:9 [   D:10 [

Annotations:
D:3 1 runed translucent door, exclusion: door, Ablot's ghost, amateur GnWr
D:5 3 runed translucent doors, exclusion: 3 doors, fly's ghost, weakling FoDe
D:12 exclusion: slime creature


Innate Abilities, Weirdness & Mutations

You have very sharp teeth.
Your uncanny sense of smell can sniff out nearby items.
Your experience applies equally to all skills.


Message History

Aim: a freezing wraith (haloed, 81% to hit)
You throw a poisoned dart.
The poisoned dart hits the freezing wraith.
Unknown command.
You hit the freezing wraith.
The freezing wraith convulses.
You bite the freezing wraith.
The freezing wraith is lightly damaged.
You block the freezing wraith's attack. The freezing wraith misses you.
You barely miss the freezing wraith.
The freezing wraith is lightly damaged.
You hit the death knight but do no damage.
You bite the death knight, but do no damage.
The death knight is lightly wounded.
You block the death knight's attack.
You hit the death knight but do no damage.
The death knight is lightly wounded.
The death knight looks more healthy.
The death knight hits you with a +4 broad axe!
You hit the death knight.
The death knight is lightly wounded.
The death knight invokes the aid of Yredelemnul against you.
Your body is wracked with pain!
* * * LOW HITPOINT WARNING * * *
Unknown command.
Activating: Cleansing Flame (21% risk of failure)
Press: ? - help, Dir - look around, f - activate Look: a death knight, wielding a +4 broad axe and wearing a +0 chain mail (lightly wounded, haloed)
You fail to use your ability.
You block the death knight's attack.
Unknown command.
Activating: Cleansing Flame (21% risk of failure)
Press: ? - help, Dir - look around, f - activate The golden flame engulfs you but does no damage.
You resist.
The golden flame engulfs the death knight!!
The death knight is heavily wounded.
The golden flame engulfs the freezing wraith!!
The freezing wraith writhes in agony!
The freezing wraith is severely damaged.
The death knight hits you with a +4 broad axe!!
You die...

#.#..# ##....### ##
#####.......##.##
#...........#...# ## #....
..........##.# ###..#
#............##
##....###.............#
###......##@............
##.......((p#W.........#
##.....................###
.........................##
...../....................#
............##...........##
................##.####.##
...............##..## ..#
............####....##
..#..


You could see a death knight and a freezing wraith.

Vanquished Creatures
  2 vault guards (Bailey)
  Harold (D:9)
  A hydra (D:11)
  3 two-headed ogres
  A skeletal warrior (D:11)
  A cyclops (D:7)
  A komodo dragon (D:6)
  4 kobold demonologists (D:9)
  A freezing wraith (D:12)
  3 trolls
  A hornet (D:9)
  A blink frog (Bailey)
  Prince Ribbit (D:5)
  2 shadows
  A vampire (D:11)
  A wyvern (D:8)
  Eustachio (D:5)
  4 humans (Bailey)
  A steam dragon (D:8)
  Edmund (D:5)
  A warg (D:10)
  Duvessa (D:5)
  2 water moccasins
  An ice beast (D:5)
  2 sky beasts
  11 orc warriors
  5 ogres
  A necrophage (D:5)
  7 centaurs
  7 kobold brigands
  14 bullfrogs
  4 scorpions (D:5)
  Dowan (D:5)
  A water moccasin zombie (D:7)
  A water moccasin skeleton (D:5)
  10 killer bees (D:10)
  5 wights (D:10)
  2 electric eels (D:6)
  3 howler monkeys
  A centaur zombie (D:6)
  3 hounds
  2 jellies
  A centaur skeleton (D:6)
  5 orc priests
  A scorpion zombie (D:5)
  2 iguanas
  Ijyb (D:4)
  Natasha (thrice) (D:2)
  7 orc wizards
  2 killer bee zombies
  Robin (D:2)
  7 gnolls
  7 river rats (D:5)
  7 adders
  A shadow imp (D:8)
  3 white imps
  2 ufetubi
  2 worms
  3 dart slugs
  38 orcs
  8 endoplasms
  8 giant cockroaches
  25 goblins
  13 hobgoblins
  6 jackals
  25 kobolds
  11 quokkas
  3 training dummies (D:8)
  5 ball pythons
  11 bats
  A frilled lizard (D:1)
  23 rats
349 creatures vanquished.

Vanquished Creatures (others)
  8 foxfires (D:11)
8 creatures vanquished.

Grand Total: 357 creatures vanquished

Notes
Turn   | Place    | Note
-------+----------+-------------------------------------------
     0 | D:1      | Ablot the Gnoll Warper began the quest for the Orb.
     0 | D:1      | Reached XP level 1. HP: 20/20 MP: 6/6
    89 | D:1      | Found Odiet's Jewellery Shop.
   252 | D:1      | Reached XP level 2. HP: 24/26 MP: 7/7
   257 | D:1      | Learned a level 2 spell: Blink
   608 | D:1      | Found a faded altar of an unknown god.
   663 | D:1      | Reached XP level 3. HP: 31/31 MP: 9/9
   664 | D:1      | Reached skill level 5 in Spellcasting
  1040 | D:2      | Found Joas's Assorted Antiques.
  1046 | D:2      | Bought a scroll labelled KYLIPAQIPO for 28 gold pieces
  1050 | D:2      | Reached skill level 1 in Short Blades
  1050 | D:2      | Reached skill level 1 in Long Blades
  1050 | D:2      | Reached skill level 1 in Axes
  1050 | D:2      | Reached skill level 1 in Maces & Flails
  1050 | D:2      | Reached skill level 1 in Staves
  1050 | D:2      | Reached skill level 1 in Slings
  1050 | D:2      | Reached skill level 1 in Bows
  1050 | D:2      | Reached skill level 1 in Crossbows
  1050 | D:2      | Reached skill level 1 in Stealth
  1050 | D:2      | Reached skill level 1 in Shields
  1050 | D:2      | Reached skill level 1 in Unarmed Combat
  1050 | D:2      | Reached skill level 1 in Invocations
  1050 | D:2      | Reached skill level 1 in Evocations
  1050 | D:2      | Reached XP level 4. HP: 38/38 MP: 11/11
  1204 | D:2      | Noticed Robin
  1233 | D:2      | Killed Robin
  1260 | D:2      | Reached skill level 1 in Conjurations
  1260 | D:2      | Reached skill level 1 in Hexes
  1260 | D:2      | Reached skill level 1 in Summonings
  1260 | D:2      | Reached skill level 1 in Necromancy
  1260 | D:2      | Reached skill level 1 in Transmutations
  1260 | D:2      | Reached skill level 1 in Fire Magic
  1260 | D:2      | Reached skill level 1 in Ice Magic
  1260 | D:2      | Reached skill level 1 in Air Magic
  1260 | D:2      | Reached skill level 1 in Earth Magic
  1260 | D:2      | Reached skill level 1 in Poison Magic
  1449 | D:2      | Noticed Natasha
  1457 | D:2      | Killed Natasha
  1458 | D:2      | Reached XP level 5. HP: 39/43 MP: 12/12
  1637 | D:2      | Noticed Natasha
  1649 | D:2      | Killed Natasha
  1971 | D:2      | Noticed Natasha
  1983 | D:2      | Killed Natasha
  2072 | D:2      | Bought a scroll labelled OQIGAOW WOCEU for 28 gold pieces
  2072 | D:2      | Bought a glowing pink potion for 25 gold pieces
  2072 | D:2      | Bought a golden potion for 25 gold pieces
  2248 | D:3      | Noticed a sky beast
  2266 | D:3      | Killed a sky beast
  2267 | D:3      | Reached skill level 5 in Fighting
  2267 | D:3      | Reached skill level 5 in Polearms
  2267 | D:3      | Reached skill level 5 in Dodging
  2267 | D:3      | Reached XP level 6. HP: 43/51 MP: 14/14
  2372 | D:3      | Found a runed translucent door.
  2375 | D:3      | Noticed Ablot's ghost (amateur GnWr)
  2452 | D:3      | Found a white marble altar of Elyvilon.
  2459 | D:3      | Became a worshipper of Elyvilon the Healer
  2640 | D:3      | Found a hide-covered altar of Uskayaw.
  3249 | D:4      | Reached * piety under Elyvilon
  3417 | D:4      | Identified the +0 scale mail of Honesty {rElec}
  3540 | D:4      | Noticed Ijyb
  3543 | D:4      | Paralysed by Ijyb for 5 turns
  3554 | D:4      | Paralysed by Ijyb for 2 turns
  3559 | D:4      | Killed Ijyb
  3560 | D:4      | Reached XP level 7. HP: 42/56 MP: 15/15
  3860 | D:4      | Found an ornate altar of the Wu Jian Council.
  4259 | D:5      | Entered Level 5 of the Dungeon
  4331 | D:5      | Reached ** piety under Elyvilon
  4336 | D:5      | Noticed Edmund
  4354 | D:5      | Killed Edmund
  4593 | D:5      | Found a runed translucent gate.
  4594 | D:5      | Found a runed translucent gate.
  4594 | D:5      | Found a runed translucent gate.
  4794 | D:5      | Reached XP level 8. HP: 58/62 MP: 16/16
  5432 | D:5      | Noticed Dowan
  5433 | D:5      | Noticed Duvessa
  5456 | D:5      | Killed Dowan
  5466 | D:5      | Killed Duvessa
  5670 | D:5      | Noticed fly's ghost (weakling FoDe)
  5679 | D:5      | Noticed Prince Ribbit
  5692 | D:5      | Killed Prince Ribbit
  6004 | D:5      | Found a glowing silver altar of Zin.
  6133 | D:5      | Reached XP level 9. HP: 12/69 MP: 18/18
  6510 | D:5      | Found a shimmering blue altar of Sif Muna.
  6667 | D:5      | Noticed Eustachio
  6679 | D:5      | Killed Eustachio
  7105 | D:6      | Reached *** piety under Elyvilon
  7210 | D:6      | Found a staircase to the Ecumenical Temple.
  7242 | Temple   | Entered the Ecumenical Temple
  7501 | D:6      | Found an iron altar of Okawaru.
  7778 | D:6      | Reached skill level 5 in Throwing
  7778 | D:6      | Reached skill level 5 in Armour
  8760 | D:6      | Noticed a komodo dragon
  8787 | D:6      | Killed a komodo dragon
  9108 | D:7      | Found a flagged portal.
  9151 | Bailey   | Entered a bailey
  9180 | Bailey   | Reached skill level 5 in Invocations
  9508 | Bailey   | Reached XP level 10. HP: 33/77 MP: 20/20
 10144 | Bailey   | Reached skill level 5 in Short Blades
 10144 | Bailey   | Reached skill level 5 in Long Blades
 10144 | Bailey   | Reached skill level 5 in Axes
 10144 | Bailey   | Reached skill level 5 in Maces & Flails
 10144 | Bailey   | Reached skill level 5 in Staves
 10144 | Bailey   | Reached skill level 5 in Slings
 10144 | Bailey   | Reached skill level 5 in Bows
 10144 | Bailey   | Reached skill level 5 in Crossbows
 10144 | Bailey   | Reached skill level 5 in Stealth
 10144 | Bailey   | Reached skill level 5 in Shields
 10144 | Bailey   | Reached skill level 5 in Unarmed Combat
 10144 | Bailey   | Reached skill level 5 in Evocations
 10320 | Bailey   | Noticed a vault guard
 10361 | Bailey   | Killed a vault guard
 10443 | Bailey   | Noticed a vault guard
 10497 | Bailey   | Killed a vault guard
 10981 | D:7      | Reached **** piety under Elyvilon
 11041 | D:7      | You fall into a shaft and drop 2 floors!
 11062 | D:9      | Noticed a two-headed ogre
 11094 | D:9      | Killed a two-headed ogre
 11277 | D:9      | Found an opulent altar of Gozag.
 11290 | D:9      | Noticed a kobold demonologist
 11290 | D:9      | Noticed a kobold demonologist
 11291 | D:9      | Noticed a kobold demonologist
 11292 | D:9      | Noticed a kobold demonologist
 11357 | D:9      | Killed a kobold demonologist
 11379 | D:9      | Noticed a soul eater
 11389 | D:9      | Killed a kobold demonologist
 11390 | D:9      | Reached XP level 11. HP: 69/84 MP: 22/22
 11531 | D:9      | Noticed a sun demon
 11891 | D:9      | Reached skill level 5 in Conjurations
 11891 | D:9      | Reached skill level 5 in Hexes
 11891 | D:9      | Reached skill level 5 in Summonings
 11891 | D:9      | Reached skill level 5 in Necromancy
 11891 | D:9      | Reached skill level 5 in Transmutations
 11891 | D:9      | Reached skill level 5 in Fire Magic
 11891 | D:9      | Reached skill level 5 in Ice Magic
 11891 | D:9      | Reached skill level 5 in Air Magic
 11891 | D:9      | Reached skill level 5 in Earth Magic
 11891 | D:9      | Reached skill level 5 in Poison Magic
 12182 | D:7      | Identified the +7 falchion "Ikkolod" {pain, rCorr}
 12283 | Temple   | Fell from the grace of Elyvilon
 12283 | Temple   | Became a worshipper of the Shining One
 12283 | Temple   | Reached * piety under the Shining One
 12283 | Temple   | Reached ** piety under the Shining One
 12980 | D:8      | Noticed a cyclops
 13005 | D:7      | Killed a cyclops
 13753 | D:8      | Found Xiudwakh's Firing Range.
 13900 | D:8      | Found a hazy altar of Hepliaklqana.
 13900 | D:8      | Found a faded altar of an unknown god.
 13907 | D:8      | Found a broken altar of Ashenzari.
 13909 | D:8      | Found a faded altar of an unknown god.
 13910 | D:8      | Found a burning altar of Makhleb.
 14223 | D:9      | Found Ceurch's Armour Shop.
 14407 | D:9      | Noticed a two-headed ogre
 14542 | D:9      | Killed a two-headed ogre
 15138 | D:9      | Noticed Harold
 15165 | D:9      | Killed Harold
 15399 | D:10     | Entered Level 10 of the Dungeon
 15629 | D:10     | Found a staircase to the Orcish Mines.
 15912 | D:10     | Found Buinnix's Armour Shop.
 16329 | D:10     | Noticed a two-headed ogre
 16359 | D:10     | Killed a two-headed ogre
 17367 | D:11     | Reached *** piety under the Shining One
 17368 | D:11     | Reached XP level 12. HP: 91/94 MP: 24/24
 17754 | D:11     | Noticed a five-headed hydra
 17785 | D:11     | Killed a five-headed hydra
 18273 | D:11     | Learned a level 1 spell: Foxfire
 18500 | D:11     | Found a staircase to the Lair.
 18510 | D:11     | Learned a level 2 spell: Passwall
 18665 | D:11     | HP: 1/94 [skeletal warrior/+0 dire flail[a skeletal
                  | warrior] (17)]
 19119 | D:12     | Identified the ring "Catu" {Wiz rElec Str-4 Dex+8 Stlth-}
 19271 | D:12     | Noticed a death knight
 19289 | D:12     | Slain by a death knight

Illustrated notes

Levels and vault maps discovered:
D:1:      dpeg_arrival_leaves_temple_mockup, layout_basic, serial_shops,
          nicolae_shop_stone, shapermc_ecumenical_altar_mp_ritualfount
D:2:      cheibrodos_greedy_goblins, layout_loops_cross, serial_shops,
          nicolae_shop_stone, item_on_display_a, uniq_robin, uniq_natasha
D:3:      layout_rooms, mainiacjoe_overflow_surrounded_room,
          mainiacjoe_overflow_chevrons, ebering_ghost_sewer_d, serial_rivers,
          chequers_serial_rivers_room_a, chequers_serial_rivers_micro_b,
          chequers_serial_rivers_micro_b, chequers_serial_rivers_large_b,
          chequers_serial_rivers_large_a, minivault_4
D:4:      layout_layer_cave, lemuel_round_altar, uniq_ijyb
D:5:      lemuel_ratsnest, layout_loops_corners, lemuel_blue_sif_altar,
          zin_treasury, gammafunk_ghost_icy, nrook_mini_vaults, uniq_edmund,
          uniq_prince_ribbit1, uniq_duvessa, uniq_eustachio
D:6:      layout_loops_corners, okawaru_trees_2, minmay_temple_entry_statues,
          water_maze_lemuel
D:7:      layout_cave_pools, enter_bailey_3
D:8:      layout_cave_pools, chequers_temple_overflow_minitemple,
          hangedman_decor_riveting, nicolae_shop_firing_range
D:9:      layout_roguey, mainiacjoe_overflow_cross_hatched, serial_shops,
          shop_statue, uniq_harold
D:10:     layout_loops_corners, erik_orc_3, serial_shops, shop
D:11:     layout_roguey [special_room_orc], lair_entry_dummy
D:12:     layout_cave_pools, portal_ice_cave_rime, uniq_sonja
Temple:   minmay_temple_bridge_abc

Skill      XL: |  1  2  3  4  5  6  7  8  9 10 11 12 |
---------------+-------------------------------------+-----
Spellcasting   | 5 6 7 8 |  8.8
Short Blades   | 1 2 3 4 5 6 7 |  7.2
Long Blades    | 1 2 3 4 5 6 7 |  7.2
Axes           | 1 2 3 4 5 6 7 |  7.2
Maces & Flails | 1 2 3 4 5 6 7 |  7.2
Staves         | 1 2 3 4 5 6 7 |  7.2
Slings         | 1 2 3 4 5 6 7 |  7.2
Bows           | 1 2 3 4 5 6 7 |  7.2
Crossbows      | 1 2 3 4 5 6 7 |  7.2
Stealth        | 1 2 3 4 5 6 7 |  7.2
Shields        | 1 2 3 4 5 6 7 |  7.2
Unarmed Combat | 1 2 3 4 5 6 7 |  7.2
Invocations    | 1 2 3 4 5 6 7 |  7.9
Evocations     | 1 2 3 4 5 6 7 |  7.2
Conjurations   | 1 2 3 4 5 |  5.9
Hexes          | 1 2 3 4 5 |  5.9
Summonings     | 1 2 3 4 5 |  5.9
Necromancy     | 1 2 3 4 5 |  5.9
Transmutations | 1 2 3 4 5 |  5.9
Fire Magic     | 1 2 3 4 5 |  5.9
Ice Magic      | 1 2 3 4 5 |  5.9
Air Magic      | 1 2 3 4 5 |  5.9
Earth Magic    | 1 2 3 4 5 |  5.9
Poison Magic   | 1 2 3 4 5 |  5.9
Throwing       | 3 4 5 6 7 |  7.7
Armour         | 3 4 5 6 7 |  7.7
Fighting       | 5 6 7 8 |  8.6
Polearms       | 5 6 7 8 |  8.6
Dodging        | 5 6 7 8 |  8.6
Translocations | 6 7 8 |  8.2

Action                   |  1- 3 |  4- 6 |  7- 9 | 10-12 || total
-------------------------+-------+-------+-------+-------++-------
Melee: Spear             |    77 |    20 |    32 |       ||   129
       Bite              |     5 |    12 |    68 |   196 ||   281
       Punch             |     1 |     5 |    28 |     7 ||    41
       Demon trident     |    13 |   135 |       |       ||   148
       Dagger            |       |    37 |   492 |   970 ||  1499
       Unarmed           |       |    10 |       |       ||    10
       Mace              |       |       |       |    67 ||    67
Throw: Stone             |       |       |     3 |       ||     3
       Dart              |       |       |       |    50 ||    50
       Javelin           |       |       |       |     4 ||     4
 Cast: Blink             |       |       |     1 |     9 ||    10
       Foxfire           |       |       |       |     6 ||     6
Invok: Purification      |       |       |     1 |     2 ||     3
       Divine Shield     |       |       |       |     5 ||     5
       Heal Self         |       |       |       |     1 ||     1
       Cleansing Flame   |       |       |       |     2 ||     2
Evoke: Wand              |       |       |     1 |     5 ||     6
  Use: Scroll            |       |       |       |    10 ||    10
       Potion            |       |       |       |     1 ||     1
 Stab: Sleeping          |       |     8 |     1 |       ||     9
       Distracted        |       |     1 |       |       ||     1
       Paralysed         |       |       |     5 |       ||     5
Armor: Leather armour    |    26 |    23 |     8 |       ||    57
       Scale mail        |       |       |   131 |   149 ||   280
       Ring mail         |       |       |       |   112 ||   112
Dodge: Dodged            |    69 |   102 |   286 |   481 ||   938
Block: Buckler           |       |       |       |   292 ||   292
